 Dungeon Crawl Stone Soup version 0.29-a0-422-gafbd6decc1 (webtiles) character file.

Game seed: 11916687249852858362

3245 hquester the Skirmisher (level 9, -17/92 HPs)
             Began as a Troll Monk on May 18, 2022.
             Killed from afar by an acid dragon (20 damage)
             ... with a splash of acid
             ... on level 7 of the Dungeon.
             The game lasted 00:18:41 (5864 turns).

hquester the Skirmisher (Troll Monk)                Turns: 5864, Time: 00:18:41

Health: -17/92     AC:  5    Str: 23    XL:     9   Next: 67%
Magic:  8/8        EV:  8    Int: 14    God:
Gold:   284        SH: 10    Dex: 14    Spells: 8/8 levels left

rFire   . . .      SeeInvis .   k - +12 whip of Victory {vorpal, rPois Int+2}
rCold   + . .      Faith    .   I - +0 tower shield
rNeg    . . .      Spirit   .   C - +1 robe {rC+}
rPois   +          Reflect  .   (helmet restricted)
rElec   .          Harm     .   (no cloak)
rCorr   .          Rampage  .   (gloves unavailable)
Will    .....                   (boots unavailable)
Stlth   ++........              (no amulet)
HPRegen 1.05/turn               e - +6 ring of intelligence
MPRegen 0.11/turn               u - +4 ring of protection

@: lethally poisoned (-17 -> -19), corroded
A: large, unfitting armour, claws 3, regeneration 1, shaggy fur 1, tough skin 1
a: no special abilities


You were on level 7 of the Dungeon.
You visited 2 branches of the dungeon, and saw 8 of its levels.

You collected 284 gold pieces.

Inventory:

Hand Weapons
 k - the +12 whip of Victory (weapon) {vorpal, rPois Int+2}
   (You found it on level 2 of the Dungeon)

   It inflicts extra damage upon your enemies.
   Int:       It affects your intelligence (+2).
   rPois:     It protects you from poison.
Missiles
 f - 4 large rocks (quivered)
Armour
 C - a +1 robe of cold resistance (worn)
 I - a +0 tower shield (worn)
 K - a scarf of shadows
Jewellery
 e - a +6 ring of intelligence (left claw)
 n - a ring of positive energy
 u - a +4 ring of protection (right claw)
Wands
 w - a wand of polymorph (6)
 F - a wand of acid (17)
Scrolls
 d - a scroll of enchant weapon {unknown}
 g - 5 scrolls of identify {unknown}
 i - 3 scrolls of enchant armour {unknown}
 l - a scroll of immolation {unknown}
 m - a scroll of silence {unknown}
 q - a scroll of summoning {unknown}
 r - a scroll of noise {unknown}
 s - 3 scrolls of blinking {unknown}
 t - a scroll of poison {unknown}
 v - a scroll of brand weapon {unknown}
 x - a scroll of fog {unknown}
 y - a scroll of acquirement {unknown}
 A - 3 scrolls of teleportation {unknown}
Potions
 a - 3 potions of berserk rage {unknown}
 b - 2 potions of ambrosia
 c - 3 potions of lignification {unknown}
 h - 2 potions of flight {unknown}
 j - 3 potions of curing {unknown}
 o - 3 potions of haste {unknown}
 p - a potion of degeneration {unknown}
 z - 2 potions of heal wounds {unknown}
 B - 2 potions of brilliance {unknown}
 D - a potion of magic {unknown}
 E - a potion of cancellation {unknown}
 G - 2 potions of might {unknown}
 H - a potion of mutation {unknown}
 J - a potion of resistance


   Skills:
 + Level 6.6 Fighting
 + Level 4.9 Maces & Flails
 + Level 4.8 Throwing
 + Level 4.5 Armour
 + Level 5.4 Dodging
 - Level 1.3 Stealth
 - Level 3.5 Unarmed Combat


You had 8 spell levels left.
You didn't know any spells.
Your spell library contained the following spells:

 Spells                   Type           Power      Damage    Failure   Level
 Shock                    Conj/Air       0%         1d3       95%         1
 Sublimation of Blood     Necr           0%         N/A       99%         2
 Wereblood                Tmut           0%         N/A       99%         2
 Dazzling Flash           Conj/Hex       0%         N/A       100%        3
 Frozen Ramparts          Ice            0%         1d2       100%        3
 Spider Form              Tmut/Pois      0%         N/A       100%        3
 Ice Form                 Ice/Tmut       0%         N/A       100%        4
 Leda's Liquefaction      Hex/Erth       0%         N/A       100%        4
 Olgreb's Toxic Radiance  Pois           0%         N/A       100%        4
 Summon Ice Beast         Ice/Summ       0%         N/A       100%        4
 Agony                    Necr           0%         N/A       100%        5
 Silence                  Hex/Air        0%         N/A       100%        5
 Summon Hydra             Summ           0%         N/A       100%        7


Dungeon Overview and Level Annotations

Branches:
Dungeon (7/15)             Temple (1/1) D:5

Altars:
Ashenzari
Cheibriados
Dithmenos
Elyvilon
Fedhas
Gozag
Hepliaklqana
Kikubaaqudgha
Makhleb
Nemelex Xobeh
Qazlal
Ru
Sif Muna
Trog
Uskayaw
Vehumet
Wu Jian
Xom
Yredelemnul
Zin
The Shining One

Shops:
D:3 (


Innate Abilities, Weirdness & Mutations

You are too large for most types of armour.
You have claws for hands.
Your natural rate of healing is unusually fast.
You are covered in fur. (AC +1)
You have tough skin. (AC +1)


Message History

The green ugly thing is severely wounded.
You hear a shout!
The green ugly thing punches you! The green ugly thing punches you.
You are poisoned.
The green ugly thing poisons you!
You hit the green ugly thing but do no damage.
The green ugly thing is severely wounded.
You feel extremely sick.
An acid dragon comes into view.
You block the green ugly thing's attack.
You completely miss the green ugly thing.
The green ugly thing is severely wounded.
You feel very sick.
The kobold demonologist casts a spell.
The green ugly thing punches you.
The kobold demonologist gestures wildly while chanting.
Unknown command.
You hit the green ugly thing.
The green ugly thing is almost dead.
You feel very sick.
The green ugly thing closely misses you.
You thrash the green ugly thing!!
You kill the green ugly thing!
You feel very sick.
You whack the crimson imp!
You kill the crimson imp!
The crimson imp disappears in a puff of smoke!
You feel very sick. The acid dragon spits acid at you.
The splash of acid hits you!!
* * * LOW HITPOINT WARNING * * *
The acid corrodes you!
The kobold demonologist mumbles some strange words.
You hear a shout! x2
Okay, then.
* * * LOW HITPOINT WARNING * * *
You feel sick. The acid dragon spits acid at you. The splash of acid hits you!!
You die...

###..## #....# ###)###
##..)..## ##.)....)#
########......###
.#### #.....#....####
..5..D#§#.#.#..###.._
#§.@.#.........._
.4.K.5#.#.#.#..###..#.
4#### #.....#....# #
########......
##...... #..... #####


You could see a hellwing (summoned), a kobold demonologist, an acid dragon
(catching breath) and a white imp (summoned).

Vanquished Creatures
  Pikel (D:5)
  An ugly thing (D:7)
  A wraith (D:7)
  Eustachio (D:6)
  Menkaure (D:4)
  A steam dragon (D:6)
  Edmund (D:6)
  A water moccasin (D:7)
  2 black bears (D:6)
  An ice beast (D:4)
  An orc warrior (D:7)
  A sky beast (D:7)
  A centaur (D:7)
  A bullfrog (D:7)
  A kobold brigand (D:7)
  3 necrophages
  A gnoll sergeant (D:5)
  3 scorpions (D:6)
  2 killer bees (D:7)
  3 hounds
  2 gnoll shamans (D:7)
  A jelly (D:7)
  An iguana (D:6)
  Natasha (thrice) (D:2)
  Robin (D:4)
  3 adders
  A shadow imp (D:7)
  2 white imps
  2 ufetubi
  A worm (D:3)
  4 dart slugs
  10 orcs
  5 ball pythons
  6 endoplasms
  2 giant cockroaches
  16 goblins
  10 hobgoblins
  5 quokkas
  6 bats
  3 frilled lizards
  6 kobolds
  8 rats
126 creatures vanquished.

Notes
Turn   | Place    | Note
-------+----------+-------------------------------------------
     0 | D:1      | hquester the Troll Monk began the quest for the Orb.
     0 | D:1      | Reached XP level 1. HP: 22/22 MP: 0/0
   124 | D:1      | Reached XP level 2. HP: 28/29 MP: 1/1
   683 | D:2      | Reached XP level 3. HP: 36/36 MP: 2/2
   801 | D:2      | Found a shadowy altar of Dithmenos.
   896 | D:2      | Got the Handbook of the Noxious Mountains
   932 | D:2      | Identified the +12 whip of Victory {vorpal, rPois Int+2}
  1002 | D:2      | Noticed Natasha
  1012 | D:2      | Killed Natasha
  1013 | D:2      | Reached skill level 3 in Fighting
  1013 | D:2      | Reached XP level 4. HP: 17/45 MP: 3/3
  1123 | D:2      | Noticed Natasha
  1137 | D:2      | Killed Natasha
  1350 | D:2      | Noticed Natasha
  1367 | D:2      | Killed Natasha
  1439 | D:2      | Reached skill level 1 in Armour
  1657 | D:3      | Found a faded altar of an unknown god.
  1665 | D:3      | Got Plato's Incunabulum of Flight
  1718 | D:3      | Found Xoil's Weapon Shop.
  1917 | D:3      | Reached XP level 5. HP: 53/53 MP: 4/4
  1925 | D:3      | Reached skill level 1 in Maces & Flails
  2281 | D:4      | Reached skill level 1 in Throwing
  2289 | D:4      | Noticed Robin
  2297 | D:4      | Killed Robin
  2335 | D:4      | Noticed an ice beast
  2343 | D:4      | Killed an ice beast
  2344 | D:4      | Reached XP level 6. HP: 53/61 MP: 5/5
  2458 | D:4      | Noticed Menkaure
  2466 | D:4      | Killed Menkaure
  3458 | D:5      | Entered Level 5 of the Dungeon
  3485 | D:5      | Found a staircase to the Ecumenical Temple.
  3500 | D:5      | Reached skill level 4 in Fighting
  3781 | D:5      | Reached XP level 7. HP: 70/70 MP: 6/6
  3918 | D:5      | Noticed Pikel
  3934 | D:5      | Killed Pikel
  3935 | D:5      | Reached XP level 8. HP: 26/79 MP: 7/7
  4194 | D:5      | Found a basalt altar of Yredelemnul.
  4237 | Temple   | Entered the Ecumenical Temple
  4486 | D:6      | Reached skill level 5 in Fighting
  4527 | D:6      | Found a white marble altar of Elyvilon.
  4887 | D:6      | Noticed Eustachio
  4932 | D:6      | Found a shadowy altar of Dithmenos.
  4952 | D:6      | Killed Eustachio
  5135 | D:6      | Noticed Edmund
  5145 | D:6      | Killed Edmund
  5442 | D:7      | Reached skill level 6 in Fighting
  5523 | D:7      | Found a shimmering blue altar of Sif Muna.
  5523 | D:7      | Found a sparkling altar of Nemelex Xobeh.
  5524 | D:7      | Found a hazy altar of Hepliaklqana.
  5524 | D:7      | Found a snail-covered altar of Cheibriados.
  5537 | D:7      | Found an ornate altar of the Wu Jian Council.
  5539 | D:7      | Found a broken altar of Ashenzari.
  5600 | D:7      | Reached XP level 9. HP: 89/89 MP: 8/8
  5697 | D:7      | Found a shimmering altar of Xom.
  5697 | D:7      | Found a radiant altar of Vehumet.
  5699 | D:7      | Found a burning altar of Makhleb.
  5699 | D:7      | Found an opulent altar of Gozag.
  5735 | D:7      | Reached skill level 5 in Dodging
  5837 | D:7      | Found a shimmering blue altar of Sif Muna.
  5838 | D:7      | Found a radiant altar of Vehumet.
  5844 | D:7      | Noticed a green ugly thing
  5857 | D:7      | Noticed a kobold demonologist
  5861 | D:7      | Noticed a hellwing
  5862 | D:7      | Killed a green ugly thing
  5863 | D:7      | HP: 4/92 [acid dragon/splash of acid (20)]
  5864 | D:7      | Killed from afar by an acid dragon

Illustrated notes

Levels and vault maps discovered:
D:1:      matt_arrival_grand_opening, layout_basic, minivault_11,
          minmay_box_of_dots
D:2:      layout_basic, basic_altar, solitary_fountain, st_stairs_13,
          uniq_natasha
D:3:      kennysheep_the_goblin_king, layout_loops_ring,
          shapermc_ecumenical_altar_rom_forum, serial_shops,
          nicolae_shop_bloodbath_and_beyond
D:4:      layout_loops_ring, kennysheep_opposing_triangles, uniq_robin,
          uniq_menkaure
D:5:      layout_basic, mainiacjoe_overflow_alcove_1,
          minmay_temple_entry_overgrown, st_stairs_3, grunt_ministairs_8,
          uniq_pikel
D:6:      layout_loops_corners, mainiacjoe_overflow_brackets,
          nicolae_dithmenos_shadow_blocks, uniq_eustachio, uniq_edmund
D:7:      minmay_the_grid_octo_tiled_octocenter [minmay_the_grid_octo_chip,
          minmay_the_grid_octo_shrine, minmay_the_grid_octo_vomiting_pacman,
          minmay_the_grid_octo_teeth, minmay_the_grid_octo_prize_single_spiral,
          minmay_the_grid_square_5x5_one_wall,
          minmay_the_grid_square_5x5_beaten_path,
          minmay_the_grid_square_5x5_meh,
          minmay_the_grid_square_5x5_half_checkered], layout_basic,
          makhleb_grotto_becter, grunt_temple_overflow_open,
          amcnicky_mini_pool_medium
Temple:   jpeg_temple_alley_garden

Skill      XL: |  1  2  3  4  5  6  7  8  9 |
---------------+----------------------------+-----
Fighting       | 3 4 6 |  6.6
Armour         | 1 2 3 4 |  4.5
Dodging        | 3 4 5 |  5.4
Maces & Flails | 1 2 4 |  4.9
Throwing       | 1 2 3 4 |  4.8
Stealth        | |  1.3
Unarmed Combat | |  3.5

Action                   |  1- 3 |  4- 6 |  7- 9 || total
-------------------------+-------+-------+-------++-------
Melee: Unarmed           |    83 |    27 |       ||   110
       Punch             |     1 |     2 |     3 ||     6
       Whip              |       |    77 |   174 ||   251
Throw: Large rock        |       |     1 |       ||     1
 Stab: Sleeping          |     1 |     3 |     3 ||     7
Armor: Robe              |    24 |    32 |    51 ||   107
Dodge: Dodged            |    46 |    48 |    71 ||   165
Block: Tower shield      |       |       |    44 ||    44

Table legend: (Time is in decaauts)
 A = Elapsed time spent in this place.
 B = Non-inter-level travel time spent in this place.
 C = Inter-level travel time spent in this place.
 D = Time resting spent in this place.
 E = Time spent auto-exploring this place.
 F = Levels seen in this place.
 G = Mean time per level.
                   A        B        C        D        E       F      G
               +--------+--------+--------+--------+--------+-----+--------+
         Total |   5894 |   5571 |    323 |     61 |   4389 |   8 |  736.8 |
       Dungeon |   5663 |   5395 |    268 |     61 |   4218 |   7 |  809.0 |
        Temple |    230 |    175 |     55 |      0 |    171 |   1 |  230.0 |
               +--------+--------+--------+--------+--------+-----+--------+

Top non-repeatable levels by time:
     D:4: 1185 daAuts
     D:2: 913 daAuts
     D:6: 881 daAuts
     D:5: 792 daAuts
     D:3: 677 daAuts
     D:1: 674 daAuts
     D:7: 538 daAuts
  Temple: 230 daAuts
